Map: Dusk Towers

Players

Pokebunny - Winner!

  • Race: Terran Terran
  • League: Grandmaster

KatagiriAiri

  • Race: Protoss Protoss
  • League: Master

VOD

Have the link to the VOD?

Description

Time

  • Played on: April 4, 2016, 1:55 p.m.
  • Length: 16:39
Show
View Real Time Build Order
Export as new Build Order

Pokebunny Terran - Winner!

Build Orders: Reaper Expand, MMM Bio 

Get SALT Encoding   

  12  0:01  SCV  
  13  0:13  SCV  
  14  0:17  Supply Depot  
  14  0:25  SCV  
  15  0:39  SCV  
  15  0:41  Barracks  
  16  0:45  Refinery  
  16  0:51  SCV  
  17  1:03  SCV  
  18  1:15  SCV  
  19  1:28  Orbital Command  
  19  1:29  Reaper  
  20  1:39  Command Center  
  20  1:51  Supply Depot  
  20  1:53  SCV  
  21  2:04  Marine  
  21  2:05  SCV  
  23  2:09  Factory  
  23  2:15  Refinery  
  23  2:18  SCV  
  23  2:22  Marine  
  25  2:30  SCV  
  26  2:42  SCV  
  27  2:45  Barracks Reactor  
  26  2:54  Hellion  
  26  2:56  Starport, Orbital Command  
  26  2:57  Bunker  
  28  2:58  SCV  
  29  3:11  SCV  
  30  3:14  Widow Mine  
  30  3:15  Barracks  
  32  3:22  Marine x2  
  34  3:32  Barracks, SCV x2  
  36  3:34  Medivac  
  36  3:35  Refinery  
  36  3:41  Marine x2  
  36  3:56  Factory Tech Lab  
  36  3:58  Marine  
  36  3:59  Marine  
  36  4:10  Barracks Tech Lab  
  36  4:18  Marine x2  
  36  4:24  Siege Tank  
  36  4:27  Barracks Reactor, Medivac  
  36  4:29  Combat Shields  
  36  4:30  Marine  
  42  4:31  SCV  
  42  4:32  SCV  
  42  4:35  Marine x2  
  42  4:36  Supply Depot  
  42  4:37  Supply Depot  
  46  4:49  Marine  
  46  4:51  SCV x2  
  49  4:55  Engineering Bay  
  49  4:59  Marine x2  
  48  5:07  Marine  
  48  5:11  Marine  
  48  5:12  Marine  
  50  5:17  Marine x2  
  49  5:33  Missile Turret  
  49  5:37  SCV x2  
  49  5:38  Marine x4  
  55  5:46  Missile Turret  
  55  5:53  Siege Tank  
  58  5:58  Stimpack  
  58  6:01  Medivac  
  61  6:04  SCV  
  61  6:10  Marine x3  
  62  6:18  SCV x2  
  61  6:20  Terran Infantry Weapons Level 1  
  62  6:26  Siege Tank  
  62  6:31  Marine x3  
  68  6:54  Marine x2  
  68  6:58  Supply Depot  
  70  7:01  Supply Depot  
  70  7:09  Marine  
  70  7:10  Marine x2  
  70  7:20  Marine x2  
  72  7:26  Medivac  
  72  7:27  Marine  
  72  7:28  Marine x2  
  77  7:35  SCV x2  
  67  7:52  Marine  
  67  7:53  Marine x2  
  67  7:57  Marine x2  
  54  8:06  Medivac  
  54  8:10  Marine x2  
  54  8:11  Barracks  
  54  8:12  Command Center  
  57  8:14  Barracks  
  50  8:28  Marine x2  
  50  8:29  Marine x3  
  47  8:45  Terran Infantry Armor Level 1, SCV x2  
  47  8:46  Marine x3  
  52  8:50  Siege Tank  
  52  8:53  Starport Reactor  
  51  9:13  Marine  
  51  9:14  Barracks Tech Lab, Marine x3, Marauder  
  51  9:15  Barracks Tech Lab  
  51  9:16  SCV  
  51  9:17  SCV  
  58  9:22  Siege Tank  
  61  9:27  Orbital Command  
  61  9:34  Marine x3  
  50  9:47  Marine  
  50  9:48  Marauder  
  50  9:49  Marauder  
  56  9:53  Orbital Command, Marine x2  
  56  9:54  Concussive Shells  
  56  9:56  Marauder, SCV  
  56  9:57  Siege Tank, SCV  
  64  10:07  Armory, Marine x2  
  64  10:09  Engineering Bay, Marauder  
  68  10:14  Marine x2  
  68  10:15  Marauder  
  68  10:19  SCV x3  
  68  10:21  Missile Turret  
  75  10:24  Marauder  
  75  10:26  Marine x2  
  79  10:30  Marauder  
  79  10:32  SCV x3  
  79  10:33  Marine x2  
  86  10:38  Supply Depot  
  86  10:40  Medivac  
  86  10:41  Medivac  
  90  10:46  Marine x2  
  90  10:47  Marauder  
  90  10:49  Marauder  
  96  10:52  SCV x2  
  96  10:53  SCV  
  96  10:56  Terran Infantry Weapons Level 2  
  99  11:00  Terran Infantry Armor Level 2  
  73  11:24  Marine x4, Marauder  
  73  11:25  Marauder  
  81  11:26  Marauder  
  81  11:28  Medivac x2  
  81  11:32  SCV x3  
  88  11:41  Barracks  
  88  11:42  Barracks  
  88  11:43  Marine, Command Center  
  88  11:44  Marine x3  
  92  11:56  SCV x3  
  92  11:57  Ghost Academy  
  92  11:59  Refinery  
  94  12:09  Marine  
  94  12:10  Marine x3, Marauder x2  
  94  12:11  Marauder  
  102  12:16  Medivac x2  
  106  12:27  Marine  
  103  12:35  Marine, Marauder  
  103  12:36  Ghost, Marine x2  
  103  12:37  Barracks Reactor, Barracks Tech Lab  
  103  12:38  Ghost  
  103  12:40  Siege Tank  
  103  12:44  Refinery x2  
  103  13:06  Ghost, Marine  
  103  13:07  Marine x2, Marauder x2  
  103  13:08  Marine  
  103  13:12  Siege Tank  
  116  13:13  Terran Infantry Weapons Level 3  
  116  13:14  SCV x2  
  116  13:15  SCV  
  104  13:35  Reaper, Marine x4, Marauder  
  104  13:36  Marauder x3  
  109  13:47  Marine  
  108  13:51  Siege Tank  
  108  13:52  Marine, Medivac x2  
  112  13:57  Marauder  
  112  13:58  SCV x3  
  115  14:17  Ghost, Marine x3, Marauder  
  115  14:18  Marauder  
  115  14:21  Marauder  
  115  14:23  Marine  
  123  14:31  Marine x2  
  115  14:37  SCV x3  
  118  14:38  Planetary Fortress, Ghost  
  118  14:39  Marauder  
  118  14:43  Marauder  
  124  14:45  Missile Turret  
  124  15:00  Marine  
  124  15:01  Marine  
  124  15:03  Marine x2  
  124  15:07  Marine  
  124  15:10  Siege Tank, Marauder  
  124  15:11  Marauder  
  120  15:19  Ghost, Marine x2  
  120  15:20  Marine x2, Marauder  
  115  15:39  Medivac x2  
  115  15:40  Ghost, Marine  
  115  15:41  Marauder  
  124  15:48  Supply Depot x2  
  124  15:49  Supply Depot  
  124  15:50  Barracks x2  
  124  15:51  Siege Tank, Marine x5, Marauder x2  
  124  15:55  Command Center  
  136  15:58  Marine  
  137  16:08  Refinery  
  143  16:11  Refinery, Marine x3  
  143  16:12  Marine x2, Marauder  
  143  16:13  Marauder  
Show
View Real Time Build Order
Export as new Build Order

KatagiriAiri Protoss 

Build Orders:  

Get SALT Encoding   

  12  0:01  Probe (Chrono Boost)  
  13  0:11  Probe (Chrono Boost)  
  14  0:17  Pylon  
  14  0:22  Probe (Chrono Boost)  
  16  0:35  Probe (Chrono Boost)  
  16  0:37  Gateway  
  16  0:46  Probe (Chrono Boost)  
  17  0:52  Assimilator  
  17  0:56  Assimilator  
  17  0:57  Probe (Chrono Boost)  
  18  1:07  Probe (Chrono Boost)  
  19  1:18  Probe (Chrono Boost)  
  20  1:24  Cybernetics Core  
  20  1:28  Probe (Chrono Boost)  
  21  1:39  Probe (Chrono Boost)  
  22  1:45  Nexus  
  22  1:52  Probe (Chrono Boost)  
  23  1:55  Pylon  
  23  2:06  Warp Gate  
  23  2:14  Mothership Core (Chrono Boost)  
  24  2:17  Stalker (Chrono Boost)  
  26  2:30  Pylon  
  26  2:33  Probe (Chrono Boost)  
  27  2:45  Probe  
  27  2:48  Stalker (Chrono Boost)  
  30  2:53  Stargate  
  30  2:57  Probe x2  
  32  3:07  Probe  
  32  3:09  Probe  
  32  3:11  Gateway  
  34  3:17  Stalker (Chrono Boost)  
  36  3:22  Probe  
  36  3:23  Probe  
  38  3:35  Probe  
  39  3:51  Probe  
  40  3:56  Probe  
  40  4:01  Oracle (Chrono Boost)  
  44  4:03  Probe  
  44  4:07  Probe  
  46  4:23  Probe  
  47  4:24  Stalker  
  47  4:25  Stalker  
  47  4:27  Probe  
  52  4:32  Nexus  
  52  4:35  Probe  
  52  4:37  Forge, Twilight Council, Probe  
  53  4:41  Gateway  
  53  4:48  Probe  
  54  4:57  Pylon  
  54  5:00  Assimilator  
  54  5:01  Pylon  
  54  5:11  Probe  
  54  5:13  Probe  
  54  5:16  Phoenix (Chrono Boost)  
  56  5:22  Probe  
  56  5:25  Probe, Resonating Glaives  
  56  5:26  Protoss Ground Weapons Level 1  
  58  5:32  Probe  
  59  5:36  Pylon  
  59  5:37  Probe  
  59  5:39  Pylon  
  59  5:40  Phoenix (Chrono Boost)  
  62  5:43  Pylon, Probe  
  62  5:46  Assimilator  
  62  5:49  Pylon, Probe  
  64  5:52  Photon Cannon  
  64  5:54  Pylon  
  64  5:56  Photon Cannon  
  64  5:59  Probe  
  65  6:15  Adept x3  
  71  6:19  Phoenix (Chrono Boost)  
  73  6:25  Gateway  
  73  6:27  Gateway  
  73  6:36  Gateway  
  73  6:37  Robotics Facility  
  73  6:38  Pylon  
  73  6:41  Phoenix (Chrono Boost)  
  73  6:42  Adept x2  
  73  6:46  Adept  
  79  7:01  Gateway  
  79  7:04  Adept x2  
  83  7:13  Adept  
  79  7:29  Adept x4  
  87  7:31  Protoss Ground Weapons Level 2  
  87  7:34  Adept  
  81  7:48  Adept  
  81  7:49  Adept  
  81  7:50  Adept x3  
  72  7:57  Immortal  
  68  8:06  Adept, Phoenix (Chrono Boost)  
  70  8:19  Adept  
  66  8:20  Adept x4  
  62  8:30  Probe  
  59  8:43  Adept x6  
  59  8:44  Probe x2  
  59  8:45  Probe  
  74  8:51  Phoenix (Chrono Boost)  
  74  9:09  Probe  
  74  9:10  Probe  
  74  9:13  Pylon  
  74  9:16  Pylon  
  74  9:17  Adept x4  
  74  9:18  Adept x2  
  74  9:20  Phoenix (Chrono Boost)  
  88  9:41  Probe x2  
  74  9:50  Phoenix (Chrono Boost)  
  74  9:51  Immortal, Probe, Protoss Ground Weapons Level 3  
  81  9:53  Probe  
  81  9:54  Assimilator  
  81  9:55  Adept x3  
  81  9:58  Assimilator  
  88  10:12  Templar Archives  
  87  10:14  Phoenix (Chrono Boost)  
  90  10:21  Pylon  
  90  10:23  Probe x2  
  90  10:24  Probe  
  90  10:25  Nexus  
  93  10:32  Observer  
  93  10:34  Pylon  
  94  10:36  Pylon, Probe  
  94  10:40  Adept x4  
  103  10:44  Phoenix (Chrono Boost)  
  103  10:49  Psionic Storm  
  105  10:54  High Templar  
  105  10:55  High Templar  
  105  10:56  High Templar  
  79  11:25  Zealot x4  
  77  11:27  Zealot  
  77  11:28  Zealot x2  
  77  11:30  Immortal  
  87  11:33  Charge (Chrono Boost)  
  87  11:44  Gateway  
  87  11:45  Gateway  
  87  11:48  High Templar x4  
  87  11:49  Zealot x3  
  87  11:52  Archon  
  87  11:53  Archon  
  94  12:13  Adept x3  
  100  12:16  Immortal  
  100  12:20  Adept x4  
  106  12:33  Archon  
  106  12:37  Probe x2  
  94  12:38  Probe x2  
  98  12:45  Zealot  
  98  12:46  Zealot x3, High Templar x2  
  98  12:47  High Templar  
  98  12:49  Gateway  
  112  12:54  Zealot x2  
  116  12:58  Pylon  
  116  13:05  Immortal  
  110  13:14  Zealot, High Templar x2  
  110  13:15  Zealot x3  
  108  13:30  Zealot x3  
  108  13:36  Archon  
  96  13:42  Zealot x4  
  86  13:52  Zealot x3  
  88  13:57  Zealot  
  88  13:58  Zealot  
  88  14:01  Immortal  
  96  14:09  Zealot x2, High Templar x2  
  104  14:13  Archon  
  104  14:16  Assimilator  
  102  14:20  Zealot x3  
  83  14:31  High Templar  
  83  14:32  High Templar x3  
  83  14:38  Archon  
  79  14:39  Archon  
  79  14:40  Zealot  
  79  14:41  Zealot x2  
  79  14:43  Zealot x2  
  89  15:02  High Templar  
  89  15:03  High Templar x3  
  89  15:04  Zealot x4  
  89  15:05  Zealot  
  63  15:39  Zealot x5  
  63  15:40  High Templar x3  
  73  15:45  Archon  
  73  15:50  Zealot  
  75  16:00  Zealot  
  75  16:01  Zealot x3  
  75  16:02  Zealot x2  
  77  16:14  High Templar x2  
  77  16:15  Zealot  
  83  16:18  Archon  
Tags
 
Add a new tag
Caveats
  • Supply blocks, unpowered buildings, or Contaminate may cause inaccurate times.
  • Supply counts are checked every 10 seconds.